 Dungeon Crawl Stone Soup version 0.29.1-4-g47bece8355 (webtiles) character file.

Game seed: 14271359531715549145

1488 mester the Conjurer (level 8, -1/59 HPs)
             Began as a Black Draconian Conjurer on Dec 2, 2022.
             Was an Initiate of Vehumet.
             Killed from afar by a gargoyle (14 damage)
             ... with a stone arrow
             ... on level 5 of the Dungeon.
             The game lasted 00:54:34 (9140 turns).

mester the Conjurer (Black Draconian Conjurer)      Turns: 9140, Time: 00:54:35

Health: -1/59      AC:  7    Str: 16    XL:     8   Next: 51%
Magic:  12/17      EV: 12    Int: 20    God:    Vehumet [......]
Gold:   367        SH:  0    Dex: 10    Spells: 13/19 levels left

rFire   . . .      SeeInvis .   b - +1 short sword
rCold   . . .      Faith    .   (no shield)
rNeg    . . .      Spirit   .   (body armour unavailable)
rPois   .          Reflect  .   (helmet restricted)
rElec   +          Harm     .   (no cloak)
rCorr   .          Rampage  .   (no gloves)
Will    .....                   c - +0 pair of boots
Stlth   ++........              o - amulet of regeneration
HPRegen 0.99/turn               r - +6 ring of strength
MPRegen 0.15/turn               (no ring)

@: short of breath
A: breathe lightning, AC +6, unfitting armour, electricity resistance,
cold-blooded
a: Breathe Lightning, Renounce Religion


You were on level 5 of the Dungeon.
You worshipped Vehumet.
Vehumet was noncommittal.
You visited 2 branches of the dungeon, and saw 7 of its levels.

You collected 367 gold pieces.

Inventory:

Hand Weapons
 b - a +1 short sword (weapon)
 t - a +0 longbow
Missiles
 p - a throwing net
 q - 7 poisoned darts
Armour
 c - a +0 pair of boots (worn)
 w - the +1 robe of Duhaqaqu {Str+2 Stlth- Archmagi}
   (You found it on level 4 of the Dungeon)

   Str:       It affects your strength (+2).
   Archmagi:  It increases the power of your magical spells.
   Stlth:     It makes you less stealthy.
Jewellery
 o - an amulet of regeneration (around neck)
 r - a +6 ring of strength (left hand)
 z - an amulet of reflection
Scrolls
 g - a scroll of torment
 k - 3 scrolls of identify
 l - a scroll of immolation
 s - a scroll of fear {unknown}
 u - a scroll of noise {unknown}
 v - a scroll of teleportation {unknown}
 x - a scroll of blinking {unknown}
 y - a scroll of magic mapping {unknown}
 B - a scroll of silence
Potions
 a - 2 potions of magic
 d - a potion of lignification
 e - 6 potions of curing
 f - 2 potions of berserk rage {unknown}
 h - 2 potions of flight {unknown}
 i - a potion of invisibility {unknown}
 j - a potion of brilliance {unknown}
 m - a potion of haste {unknown}
 C - a potion of degeneration {unknown}
 D - a potion of mutation {unknown}


   Skills:
 - Level 1.2 Fighting
 - Level 1.2 Short Blades
 + Level 3.4 Dodging
 + Level 4.2 Stealth
 * Level 6.2 Spellcasting
 * Level 7.4 Conjurations
 + Level 0.1 Hexes


You had 13 spell levels left.
You knew the following spells:

 Your Spells              Type           Power      Damage    Failure   Level
b - Searing Ray           Conj           70%        2d7       1%          2
c - Fulminant Prism       Conj/Hex       10%        3d9       22%         4

Your spell library contained the following spells:

 Spells                   Type           Power      Damage    Failure   Level
 Magic Dart               Conj           100%       1d8       1%          1
 Dazzling Flash           Conj/Hex       42%        N/A       7%          3
 Sting                    Tmut/Pois      24%        1d4       11%         1
 Poisonous Vapours        Pois/Air       12%        N/A       16%         2
 Sublimation of Blood     Necr           6%         N/A       16%         2
 Wereblood                Tmut           6%         N/A       16%         2
 Iskenderun's Mystic Bla  Conj/Tloc      21%        2d6       22%         4
 Call Canine Familiar     Summ           6%         N/A       30%         3
 Portal Projectile        Hex/Tloc       12%        N/A       30%         3
 Irradiate                Conj/Tmut      10%        3d15      52%         5
 Leda's Liquefaction      Hex/Erth       3%         N/A       69%         4
 Olgreb's Toxic Radiance  Pois           6%         N/A       71%         4
 Petrify                  Tmut/Erth      6%         N/A       71%         4
 Summon Hydra             Summ           3%         N/A       100%        7


Dungeon Overview and Level Annotations

Branches:
Dungeon (6/15)             Temple (1/1) D:5

Altars:
Ashenzari
Cheibriados
Dithmenos
Elyvilon
Gozag
Hepliaklqana
Kikubaaqudgha
Makhleb
Nemelex Xobeh
Okawaru
Qazlal
Ru
Sif Muna
Trog
Uskayaw
Vehumet
Xom
Yredelemnul
Zin
The Shining One

Annotations:
D:4 2 runed translucent doors, zeram's ghost, novice SpFE


Innate Abilities, Weirdness & Mutations

You can breathe wild blasts of lightning.
Your glossy black scales are hard. (AC +6)
You cannot fit into any form of body armour.
You are resistant to electric shocks. (rElec)
You are cold-blooded and may be slowed by cold attacks.


Message History

You climb upwards.
There is a stone staircase leading down here.
Casting: Searing Ray (safe; 1% risk of failure)
Confirm with . or Enter, or press ? or * to list all spells.
Aiming: Searing Ray (safe; 1% risk of failure)
Press: ? - help, Shift-Dir - straight line, f - gargoyle
Aim: a gargoyle, wielding a +0 morningstar (91% to hit)
The searing ray hits the gargoyle but does no damage. (Press . to maintain the ray.)
The orc barely misses you. The gargoyle barely misses you.
Activating: Breathe Lightning (4% risk of failure)
Press: ? - help, Dir - look around, f - activate Look: a gargoyle, wielding a +0 morningstar You breathe a wild blast of lightning!
You hear a mighty clap of thunder!
The bolt of lightning hits the gargoyle.
The gargoyle resists.
The gargoyle is moderately damaged.
The orb of electricity explodes!
The orb of electricity engulfs you. You resist.
The orb of electricity engulfs the gargoyle.
The gargoyle resists.
The gargoyle is moderately damaged.
The orb of electricity engulfs the orc.
You kill the orc!
Vehumet accepts your kill.
The orb of electricity explodes!
The orb of electricity engulfs you! You resist.
The orb of electricity engulfs the gargoyle.
The gargoyle resists.
The gargoyle is heavily damaged.
The orb of electricity explodes!
The orb of electricity engulfs the gargoyle!
The gargoyle resists.
The gargoyle is almost destroyed.
The orb of electricity engulfs you. You resist.
* * * LOW HITPOINT WARNING * * *
The gargoyle hurls a stone arrow at you.
The stone arrow hits you!
You die...

####.#.#####...# #.
#....#.#...#.### #)
#....#.#.#.#.# #.
#...)#.#.#.#.#########.
#....#.................
##...#...###.#########.
#...#.#.# #.#########.
#...#9#.###.##........
###.#@[......#.#######
#########.#)#.##.#.#.#......
#.........#.#.#<.#.#.#.####.
#.#########.#.#..#.#.#.# #.
#.# #.........#..#...#.# #.
#.# #.#####.###..#####.####.
#.# #.# #.# #.............
#.# #.#####.###.............
#.# #.......................


You could see a gargoyle.

Vanquished Creatures
  Grinder (D:3)
  Sigmund (D:4)
  A human (D:3)
  A water moccasin (D:6)
  2 ogres
  A phantom (D:3)
  3 scorpions (D:5)
  A hound (D:6)
  A human skeleton (D:3)
  5 iguanas
  2 orc wizards (D:5)
  9 adders
  7 gnolls
  2 dart slugs
  A worm (D:3)
  14 orcs
  2 ball pythons (D:1)
  6 bats
  8 endoplasms
  3 goblins
  6 hobgoblins
  2 jackals (D:4)
  4 quokkas
  4 frilled lizards
  6 kobolds
  A kobold zombie (D:3)
  10 rats
104 creatures vanquished.

Vanquished Creatures (others)
  5 fulminant prisms
5 creatures vanquished.

Grand Total: 109 creatures vanquished

Notes
Turn   | Place    | Note
-------+----------+-------------------------------------------
     0 | D:1      | mester the Draconian Conjurer began the quest for the Orb.
     0 | D:1      | Reached XP level 1. HP: 14/14 MP: 3/3
   335 | D:1      | Reached XP level 2. HP: 20/20 MP: 1/5
  1396 | D:2      | Reached XP level 3. HP: 14/26 MP: 2/6
  1803 | D:2      | Reached skill level 5 in Conjurations
  1803 | D:2      | Reached XP level 4. HP: 34/34 MP: 2/7
  2339 | D:2      | Learned a level 2 spell: Searing Ray
  2363 | D:2      | Found a white marble altar of Elyvilon.
  3646 | D:3      | Reached XP level 5. HP: 39/39 MP: 5/8
  3666 | D:3      | Found a runed translucent door.
  3666 | D:3      | Noticed a human
  3699 | D:3      | Found a basalt altar of Yredelemnul.
  3769 | D:3      | Killed a human
  3770 | D:3      | Reached skill level 1 in Fighting
  3770 | D:3      | Reached skill level 1 in Short Blades
  3770 | D:3      | Reached XP level 6. HP: 41/47 MP: 4/10
  3821 | D:3      | Learned a level 4 spell: Fulminant Prism
  4104 | D:3      | Found a faded altar of an unknown god.
  5138 | D:3      | Noticed Grinder
  5142 | D:3      | Paralysed by Grinder for 4 turns
  5155 | D:3      | Killed Grinder
  5156 | D:3      | Reached skill level 6 in Conjurations
  5156 | D:3      | Your scales start taking on a glossy black colour.
  5156 | D:3      | Reached XP level 7. HP: 18/52 MP: 0/13
  5156 | D:3      | Gained mutation: You are resistant to electric shocks.
                  | (rElec) [Black Draconian growth]
  5593 | D:4      | Found a sparkling altar of Nemelex Xobeh.
  5594 | D:4      | Found a runed translucent door.
  5608 | D:4      | Noticed zeram's ghost (novice SpFE)
  5795 | D:4      | Noticed a +0 hand axe
  5795 | D:4      | Noticed a +0 hand axe
  5796 | D:4      | Found a hide-covered altar of Uskayaw.
  5805 | D:4      | Noticed Sigmund
  5826 | D:4      | Killed Sigmund
  5997 | D:4      | Reached skill level 5 in Spellcasting
  6088 | D:4      | Found a runed translucent door.
  6413 | D:4      | Identified the +1 robe of Duhaqaqu {Str+2 Stlth- Archmagi}
  6641 | D:5      | Entered Level 5 of the Dungeon
  6681 | D:5      | Found a broken altar of Ashenzari.
  6681 | D:5      | Found an iron altar of Okawaru.
  6874 | D:5      | Found a staircase to the Ecumenical Temple.
  6887 | Temple   | Entered the Ecumenical Temple
  6974 | Temple   | Became a worshipper of Vehumet
  7057 | D:5      | Reached XP level 8. HP: 59/59 MP: 9/15
  7364 | D:5      | Found a glowing golden altar of the Shining One.
  7466 | D:5      | Reached skill level 7 in Conjurations
  9050 | D:6      | Noticed a gargoyle
  9140 | D:5      | Killed from afar by a gargoyle

Illustrated notes

Levels and vault maps discovered:
D:1:      amcnicky_arrival_blooded_trapdoor, layout_loops_ring
D:2:      layout_rooms, basic_altar
D:3:      layout_basic, dk_yredelemnul_ordeal,
          shapermc_ecumenical_altar_starsandcircs, mrwooster_statue_mirror,
          uniq_grinder
D:4:      layout_rooms, mainiacjoe_overflow_alcove_1, dancing_weapons_uskayaw,
          ebering_ghost_sewer_f, uniq_sigmund
D:5:      layout_basic, mainiacjoe_overflow_paths,
          mainiacjoe_overflow_divided_tiny, minmay_temple_entry_antechambers,
          bh_walls_and_bars
D:6:      layout_cave_pods
Temple:   jpeg_temple_clearing

Skill      XL: |  1  2  3  4  5  6  7  8 |
---------------+-------------------------+-----
Dodging        | 2 3 |  3.4
Stealth        | 2 3 4 |  4.2
Conjurations   | 5 6 7 |  7.4
Fighting       | 1 |  1.2
Short Blades   | 1 |  1.2
Spellcasting   | 3 4 5 6 |  6.2
Hexes          | |  0.1

Action                   |  1- 3 |  4- 6 |  7- 9 || total
-------------------------+-------+-------+-------++-------
Melee: Short sword       |    22 |    35 |     6 ||    63
       Tailslap          |     1 |     5 |       ||     6
       Punch             |     1 |       |       ||     1
 Cast: Magic Dart        |    57 |    32 |     5 ||    94
       Searing Ray       |       |    41 |    42 ||    83
       Fulminant Prism   |       |     1 |     4 ||     5
 Abil: Breathe Lightning |       |       |     5 ||     5
  Use: Scroll            |     1 |       |     6 ||     7
       Potion            |       |     1 |     1 ||     2
Armor: Skin              |     8 |    20 |    14 ||    42
Dodge: Dodged            |    31 |    48 |    30 ||   109
